 Dungeon Crawl Stone Soup version 0.31-a0-846-gb3bcc0d938 (webtiles) character file.

Game seed: 3188158865737925246

4017 zazu2006 the Fighter (level 10, -1/85 HPs)
             Began as a Gnoll Wanderer on Oct 3, 2023.
             Was an Initiate of Vehumet.
             Killed from afar by Erica (26 damage)
             ... with a bolt of poison
             ... on level 8 of the Dungeon.
             The game lasted 00:15:03 (7653 turns).

zazu2006 the Fighter (Gnoll Wanderer)               Turns: 7653, Time: 00:15:03

Health: -1/85      AC:  6    Str: 15    XL:     10   Next: 23%
Magic:  19/19      EV: 14    Int: 18    God:    Vehumet [......]
Gold:   393        SH:  0    Dex: 17    Spells: 11/21 levels left

rFire   . . .        t - +7 rapier of Evisceration {drain, +Blink Will- Str+2 Int+3}
rCold   . . .        (no shield)
rNeg    . . .        c - +0 leather armour
rPois   .            (no helmet)
rElec   .            (no cloak)
rCorr   .            f - +0 pair of gloves
SInv    +            I - +0 pair of boots
Will    .....        (no amulet)
Stlth   +++          o - +6 ring of dexterity
HPRegen 0.34/turn    w - ring of see invisible
MPRegen 0.16/turn

%: no passive effects
@: lethally poisoned (-1 -> -13), slowed, very slow
A: fangs 1, strong nose, distributed training
a: Renounce Religion, Evoke Blink


You were on level 8 of the Dungeon.
You worshipped Vehumet.
Vehumet was noncommittal.
You visited 2 branches of the dungeon, and saw 9 of its levels.
You also visited: Sewer and Ossuary.

You collected 393 gold pieces.

Inventory:

Hand Weapons
 a - a +3 quarterstaff
 t - the +7 rapier of Evisceration (weapon) {drain, +Blink Will- Str+2 Int+3}
   (You found it on level 3 of the Dungeon)

   Str+2:     It affects your strength (+2).
   Int+3:     It affects your intelligence (+3).
   Will-:     It decreases your willpower.
   +Blink:    It lets you blink.
 C - a +5 spear of freezing
Missiles
 G - 2 throwing nets
Armour
 c - a +0 leather armour (worn)
 f - a +0 pair of gloves (worn)
 I - a +0 pair of boots (worn)
Magical Staves
 y - a staff of conjuration
Jewellery
 o - a +6 ring of dexterity (left hand)
 w - a ring of see invisible (right hand)
Wands
 v - a wand of quicksilver (14)
 F - a wand of charming (9)
Scrolls
 b - 2 scrolls of silence
 i - 3 scrolls of poison {unknown}
 j - 12 scrolls of identify {unknown}
 k - 2 scrolls of blinking {unknown}
 l - 3 scrolls of fear {unknown}
 m - 2 scrolls of revelation {unknown}
 q - 3 scrolls of immolation {unknown}
 s - 2 scrolls of noise {unknown}
 u - 2 scrolls of teleportation {unknown}
 x - a scroll of fog {unknown}
 z - 2 scrolls of amnesia {unknown}
 E - a scroll of brand weapon {unknown}
Potions
 d - 4 potions of heal wounds {unknown}
 e - a potion of brilliance {unknown}
 g - 5 potions of curing {unknown}
 h - 6 potions of attraction {unknown}
 n - 3 potions of cancellation {unknown}
 p - 3 potions of berserk rage {unknown}
 r - 3 potions of might {unknown}
 A - 2 potions of enlightenment {unknown}
 B - 2 potions of magic {unknown}
 D - a potion of mutation {unknown}
 H - a potion of haste {unknown}


   Skills:
 + Level 10.0 Fighting
 + Level 5.2 Short Blades
 + Level 5.2 Long Blades
 + Level 5.2 Axes
 + Level 5.2 Maces & Flails
 + Level 5.2 Polearms
 + Level 7.0 Staves
 + Level 5.2 Ranged Weapons
 + Level 5.2 Throwing
 + Level 5.8 Armour
 + Level 5.2 Dodging
 + Level 5.2 Stealth
 + Level 5.2 Shields
 + Level 5.2 Unarmed Combat
 + Level 6.0 Spellcasting
 + Level 4.2 Conjurations
 + Level 4.2 Hexes
 + Level 4.2 Summonings
 + Level 4.2 Necromancy
 + Level 4.2 Translocations
 + Level 4.2 Transmutations
 + Level 4.2 Fire Magic
 + Level 4.2 Ice Magic
 + Level 4.8 Air Magic
 + Level 4.2 Earth Magic
 + Level 4.2 Poison Magic
 + Level 5.7 Invocations
 + Level 5.8 Evocations
 + Level 4.7 Shapeshifting


You had 11 spell levels left.
You knew the following spells:

 Your Spells              Type           Power      Damage    Failure   Level
a - Mephitic Cloud        Conj/Pois/Air  21%        N/A       7%          3
b - Freezing Cloud        Conj/Ice/Air   10%        6-21      54%         5
c - Blink                 Tloc           40%        N/A       3%          2

Your spell library contained the following spells:

 Spells                   Type           Power      Damage    Failure   Level
 Cigotuvi's Dreadful Rot  Necr/Pois/Air  42%        N/A       3%          2
 Lesser Beckoning         Tloc           40%        N/A       3%          2
 Momentum Strike          Conj/Tloc      40%        3d9       3%          2
 Poisonous Vapours        Pois/Air       42%        N/A       3%          2
 Static Discharge         Conj/Air       42%        2-4/arc   3%          2
 Ozocubu's Armour         Ice            20%        N/A       8%          3
 Stone Arrow              Conj/Erth      40%        3d9       8%          3
 Animate Armour           Summ/Erth      40%        N/A       24%         4
 Dispel Undead            Necr           20%        3d11      24%         4
 Metabolic Englaciation   Hex/Ice        10%        N/A       56%         5
 Death Channel            Necr           10%        N/A       98%         6
 Simulacrum               Ice/Necr       10%        N/A       98%         6
 Lehudib's Crystal Spear  Conj/Erth      10%        10d4      100%        8


Dungeon Overview and Level Annotations

Branches:
Dungeon (8/15)             Temple (1/1) D:7           Sewer (visited)
Ossuary (visited)
   Lair: D:8-11

Altars:
Ashenzari
Cheibriados
Dithmenos
Elyvilon
Fedhas
Gozag
Hepliaklqana
Kikubaaqudgha
Makhleb
Okawaru
Qazlal
Ru
Sif Muna
Trog
Uskayaw
Vehumet
Xom
Yredelemnul
Zin
The Shining One

Shops:
D:1 =   D:3 [   D:7 *

Annotations:
D:8 Erica


Innate Abilities, Weirdness & Mutations

You have very sharp teeth.
Your uncanny sense of smell can sniff out nearby items.
Your experience applies equally to all skills.


Message History

a +2 dagger of flaming; a +0 robe; an orc corpse
There is a stone staircase leading down here.
Found two hand axes.
Found two hand axes.
You open the door.
There is an open door here.
Erica the Fiery-Tempered comes into view.
She is wielding a +0 scimitar of flaming and carrying a wand of iceblast.
Erica is nearby!
Erica shouts!
Erica zaps a wand.
The mass of ice explodes!
The iceblast engulfs you!!
Erica hits you with a +0 scimitar of flaming!
Erica burns you.
You puncture Erica!
Erica is moderately wounded.
Erica mumbles some strange words.
Erica flickers and vanishes for a moment.
You hit Erica.
Erica is moderately wounded.
Erica screams, "You'll never get it!"
Erica hits you but does no damage.
You puncture Erica!
Erica is moderately wounded.
Erica screams, "You'll never get it!"
Erica gestures at you while chanting.
You feel yourself slow down.
You puncture Erica! You bite Erica, but do no damage.
Erica is heavily wounded.
Erica zaps a wand.
The mass of ice explodes!
The iceblast engulfs you!!
The iceblast engulfs Erica!
You puncture Erica!
Erica is almost dead.
Erica hits you with a +0 scimitar of flaming!
Erica burns you.
* * * LOW HITPOINT WARNING * * *
Erica looks angry.
Erica gestures at you while chanting. The bolt of poison hits you!!
You are poisoned.
You die...
Erica begins laughing uncontrollably.

#...#...#######.#......# #
#.#.>................### #
#####.#############.####.# #
...##.#############+####.# #
...##........#........##.# #
......................##.# #
#.####................##.# #
#.# #.....)..........##.# #
#.# #....)∩)...@.....##.# #
#.#
#.....).....@....##.########
#.#
#........##########.........
#.# #####'#### ##########
#.# #.# #.# #.# #.########.#
#..........# ############


You could see Erica (invisible).

Vanquished Creatures
  Joseph (D:8)
  A hornet (D:8)
  Grum (D:8)
  Menkaure (D:5)
  An acid dragon (D:7)
  3 water moccasins
  An ice beast (D:8)
  2 orc warriors
  2 sky beasts (D:7)
  2 ogres
  2 black bears
  2 wolves (D:8)
  A centaur (D:6)
  A phantom (D:5)
  A kobold brigand (D:7)
  2 bullfrogs
  2 scorpions (D:5)
  5 water moccasin zombies (Ossuary)
  4 wights (D:5)
  A howler monkey (D:8)
  A gnoll bouda (D:7)
  An orc priest (D:6)
  4 hounds
  A jelly (D:4)
  3 sleepcaps
  4 iguanas
  A hell rat (Sewer)
  4 orc wizards
  2 mummies (Ossuary)
  9 gnolls (D:7)
  5 river rats (Sewer)
  7 adders
  2 shadow imps (D:6)
  2 ufetubi (D:5)
  7 adder zombies (Ossuary)
  2 worms
  A dart slug (D:1)
  17 orcs
  5 bats
  10 endoplasms
  2 giant cockroaches
  4 gnoll zombies (Ossuary)
  6 goblins
  6 hobgoblins
  2 quokkas
  9 ball pythons
  2 frilled lizards
  4 hobgoblin zombies (Ossuary)
  13 kobolds
  4 kobold zombies (Ossuary)
  6 orc zombies (Ossuary)
  10 rats
  2 butterflies (D:8)
194 creatures vanquished.

Notes
Turn   | Place    | Note
-------+----------+-------------------------------------------
     0 | D:1      | zazu2006 the Gnoll Wanderer began the quest for the Orb.
     0 | D:1      | zazu2006 set off with the following items: a +3
                  | quarterstaff, a scroll of silence, a +0 leather armour; and
                  | the following spells available to memorise: Poisonous
                  | Vapours, Static Discharge.
     0 | D:1      | Reached XP level 1. HP: 26/26 MP: 4/4
   193 | D:1      | Reached XP level 2. HP: 33/33 MP: 5/5
   707 | D:1      | Reached XP level 3. HP: 37/38 MP: 7/7
   813 | D:1      | Found Xiso's Jewellery Emporium.
  1079 | D:2      | Identified the +2 dagger "Earthworm" {flame, Will+ Dex+3}
  1110 | D:2      | Reached skill level 1 in Invocations
  1248 | D:2      | Reached skill level 1 in Short Blades
  1248 | D:2      | Reached skill level 1 in Long Blades
  1248 | D:2      | Reached skill level 1 in Axes
  1248 | D:2      | Reached skill level 1 in Maces & Flails
  1248 | D:2      | Reached skill level 1 in Polearms
  1248 | D:2      | Reached skill level 1 in Ranged Weapons
  1248 | D:2      | Reached skill level 1 in Throwing
  1248 | D:2      | Reached skill level 1 in Dodging
  1248 | D:2      | Reached skill level 1 in Stealth
  1248 | D:2      | Reached skill level 1 in Shields
  1248 | D:2      | Reached skill level 1 in Unarmed Combat
  1356 | D:2      | Reached XP level 4. HP: 44/45 MP: 8/8
  1433 | D:2      | Reached skill level 1 in Shapeshifting
  1903 | D:3      | Found Plog's Antique Armour Boutique.
  1964 | D:3      | Found a basalt altar of Yredelemnul.
  1965 | D:3      | Found a blossoming altar of Fedhas.
  1965 | D:3      | Found an iron altar of Okawaru.
  2014 | D:3      | Reached skill level 1 in Conjurations
  2014 | D:3      | Reached skill level 1 in Hexes
  2014 | D:3      | Reached skill level 1 in Summonings
  2014 | D:3      | Reached skill level 1 in Necromancy
  2014 | D:3      | Reached skill level 1 in Translocations
  2014 | D:3      | Reached skill level 1 in Transmutations
  2014 | D:3      | Reached skill level 1 in Fire Magic
  2014 | D:3      | Reached skill level 1 in Ice Magic
  2014 | D:3      | Reached skill level 1 in Earth Magic
  2014 | D:3      | Reached skill level 1 in Poison Magic
  2081 | D:3      | Identified the +7 rapier of Evisceration {drain, +Blink
                  | Will- Str+2 Int+3}
  2156 | D:3      | Found a hide-covered altar of Uskayaw.
  2588 | D:4      | Noticed an ogre
  2598 | D:4      | Killed an ogre
  2599 | D:4      | Reached XP level 5. HP: 51/51 MP: 9/9
  2819 | D:4      | Learned a level 3 spell: Mephitic Cloud
  2825 | D:4      | Learned a level 5 spell: Freezing Cloud
  2851 | D:4      | Reached XP level 6. HP: 57/57 MP: 9/11
  2968 | D:5      | Entered Level 5 of the Dungeon
  2972 | D:5      | Reached skill level 5 in Staves
  3004 | D:5      | Found a glowing drain.
  3013 | Sewer    | Entered a sewer
  3074 | Sewer    | Reached XP level 7. HP: 63/63 MP: 8/12
  3183 | D:5      | Found a bloodstained altar of Trog.
  3433 | D:5      | Reached skill level 9 in Fighting
  3625 | D:5      | Found an opulent altar of Gozag.
  3644 | D:5      | Noticed Menkaure
  3654 | D:5      | Killed Menkaure
  3655 | D:5      | Reached XP level 8. HP: 56/71 MP: 14/14
  4094 | D:6      | Found a sand-covered staircase.
  4107 | Ossuary  | Entered an ossuary
  4691 | D:6      | Reached XP level 9. HP: 52/77 MP: 16/16
  4953 | D:6      | Reached skill level 5 in Spellcasting
  5485 | D:7      | Found Uzucawn's Gadget Gallery.
  5640 | D:7      | Reached skill level 5 in Armour
  5640 | D:7      | Reached skill level 5 in Evocations
  6077 | D:7      | Found a staircase to the Ecumenical Temple.
  6094 | Temple   | Entered the Ecumenical Temple
  6104 | Temple   | Became a worshipper of Vehumet
  6598 | D:7      | Reached skill level 5 in Invocations
  6675 | D:8      | Learned a level 2 spell: Blink
  6738 | D:8      | Found a shimmering altar of Xom.
  6898 | D:8      | Noticed Joseph
  6914 | D:8      | Killed Joseph
  7018 | D:8      | Noticed a hornet
  7024 | D:8      | Killed a hornet
  7033 | D:8      | Reached XP level 10. HP: 49/85 MP: 16/18
  7162 | D:8      | Noticed Grum
  7169 | D:8      | Killed Grum
  7170 | D:8      | Reached skill level 5 in Short Blades
  7170 | D:8      | Reached skill level 5 in Long Blades
  7170 | D:8      | Reached skill level 5 in Axes
  7170 | D:8      | Reached skill level 5 in Maces & Flails
  7170 | D:8      | Reached skill level 5 in Polearms
  7170 | D:8      | Reached skill level 5 in Ranged Weapons
  7170 | D:8      | Reached skill level 5 in Throwing
  7170 | D:8      | Reached skill level 5 in Dodging
  7170 | D:8      | Reached skill level 5 in Stealth
  7170 | D:8      | Reached skill level 5 in Shields
  7170 | D:8      | Reached skill level 5 in Unarmed Combat
  7205 | D:8      | Reached skill level 10 in Fighting
  7644 | D:8      | Noticed Erica
  7653 | D:8      | Killed from afar by Erica

Illustrated notes

Levels and vault maps discovered:
D:1:      nagdon_arrival_double_spiral, layout_basic, serial_shops,
          nicolae_shop_pleasant_corner_grove
D:2:      layout_basic, grunt_ministairs_6
D:3:      layout_loops_ring, general_overflow_altar, grunt_temple_overflow_open,
          serial_shops, shop, minmay_surrounded
D:4:      layout_basic, kennysheep_minor_cross, serial_bayou_lagoon_a
D:5:      layout_cave_pools, bloody_trog,
          nicolae_gozag_cash_rules_everything_around_me, portal_sewer_entry_d,
          grunt_decor_fettered, uniq_menkaure
D:6:      layout_basic, nicolae_ossuary_entry_ruins
D:7:      layout_loops_corners, minmay_temple_entry_antechambers,
          nicolae_shop_gadgets
D:8:      layout_basic, xom_butterflies, enter_bailey_2, st_stairs_13,
          uniq_grum, uniq_joseph, uniq_erica
Temple:   nicolae_temple_bog_church

Skill      XL: |  1  2  3  4  5  6  7  8  9 10 |
---------------+-------------------------------+-----
Air Magic      | 2 3 4 |  4.8
Invocations    | 1 2 3 4 5 |  5.7
Short Blades   | 1 2 3 4 5 |  5.2
Long Blades    | 1 2 3 4 5 |  5.2
Axes           | 1 2 3 4 5 |  5.2
Maces & Flails | 1 2 3 4 5 |  5.2
Polearms       | 1 2 3 4 5 |  5.2
Ranged Weapons | 1 2 3 4 5 |  5.2
Throwing       | 1 2 3 4 5 |  5.2
Dodging        | 1 2 3 4 5 |  5.2
Stealth        | 1 2 3 4 5 |  5.2
Shields        | 1 2 3 4 5 |  5.2
Unarmed Combat | 1 2 3 4 5 |  5.2
Shapeshifting  | 1 2 3 4 |  4.7
Spellcasting   | 3 4 5 6 |  6.0
Conjurations   | 1 2 3 4 |  4.2
Hexes          | 1 2 3 4 |  4.2
Summonings     | 1 2 3 4 |  4.2
Necromancy     | 1 2 3 4 |  4.2
Translocations | 1 2 3 4 |  4.2
Transmutations | 1 2 3 4 |  4.2
Fire Magic     | 1 2 3 4 |  4.2
Ice Magic      | 1 2 3 4 |  4.2
Earth Magic    | 1 2 3 4 |  4.2
Poison Magic   | 1 2 3 4 |  4.2
Armour         | 3 4 5 |  5.8
Evocations     | 3 4 5 |  5.8
Staves         | 5 6 7 |  7.0
Fighting       | 9 10 | 10.0

Action                     |  1- 3 |  4- 6 |  7- 9 | 10-12 || total
---------------------------+-------+-------+-------+-------++-------
  Melee: Quarterstaff      |    87 |    39 |       |       ||   126
         Bite              |     8 |     6 |    35 |     7 ||    56
         Rapier            |       |    54 |   298 |    35 ||   387
         Punch             |       |       |    10 |     3 ||    13
   Cast: Mephitic Cloud    |       |     1 |     1 |     5 ||     7
   Stab: Distracted        |     1 |       |       |       ||     1
         Sleeping          |       |     6 |    16 |       ||    22
         Confused          |       |     1 |     1 |     5 ||     7
 Armour: Leather armour    |    44 |    37 |   146 |    28 ||   255
  Dodge: Dodged            |    55 |    33 |   147 |    22 ||   257

Table legend: (Time is in decaauts)
 A = Elapsed time spent in this place.
 B = Non-inter-level travel time spent in this place.
 C = Inter-level travel time spent in this place.
 D = Time resting spent in this place.
 E = Time spent auto-exploring this place.
 F = Levels seen in this place.
 G = Mean time per level.
                   A        B        C        D        E       F      G
               +--------+--------+--------+--------+--------+-----+--------+
         Total |   7695 |   7445 |    250 |      3 |   6008 |  11 |  699.5 |
       Dungeon |   7145 |   6914 |    231 |      3 |   5734 |   8 |  893.1 |
        Temple |     20 |      1 |     19 |      0 |      0 |   1 |   20.0 |
         Sewer |    142 |    142 |      0 |      0 |     58 |   1 |  142.0 |
       Ossuary |    386 |    386 |      0 |      0 |    216 |   1 |  386.0 |
               +--------+--------+--------+--------+--------+-----+--------+

Top non-repeatable levels by time:
     D:7: 1204 daAuts
     D:1: 1023 daAuts
     D:8: 1001 daAuts
     D:6: 998 daAuts
     D:5: 853 daAuts
     D:3: 715 daAuts
     D:2: 695 daAuts
     D:4: 653 daAuts
 Ossuary: 386 daAuts
   Sewer: 142 daAuts
  Temple: 20 daAuts
